 Dungeon Crawl Stone Soup version 0.27-a0-797-g27d10ad80f (webtiles) character file.

Game seed: 17141233025097855879

143 polve the Slasher (level 5, -2/41 HPs)
             Began as a Demonspawn Abyssal Knight on Mar 27, 2021.
             Was a Follower of Lugonu.
             Slain by an iguana (6 damage)
             ... on level 3 of the Dungeon.
             The game lasted 00:02:59 (2394 turns).

polve the Slasher (Demonspawn Abyssal Knight)       Turns: 2394, Time: 00:03:00

Health: -2/41      AC:  3    Str: 14    XL:     5   Next: 4%
Magic:  6/6        EV: 11    Int: 17    God:    Lugonu [*.....]
Gold:   49         SH:  0    Dex: 18    Spells: 4/4 levels left

rFire    . . .     SeeInvis .   a - +1 falchion
rCold    . . .     Faith    .   (no shield)
rNeg     . . .     Spirit   .   b - +0 leather armour
rPois    .         Reflect  .   (no helmet)
rElec    .         Harm     .   (no cloak)
rCorr    .         Rampage  .   (no gloves)
Will     .....                  (no boots)
Stlth    +.........             (no amulet)
HPRegen  0.13/turn              g - +6 ring of dexterity
MPRegen  0.10/turn              (no ring)

@: no status effects
A: claws 1, big brain 1, strong 1
a: Renounce Religion, Depart the Abyss


You were on level 3 of the Dungeon.
You worshipped Lugonu.
Lugonu was aware of your devotion.
You visited 1 branch of the dungeon, and saw 3 of its levels.
You visited the Abyss 1 time.

You collected 49 gold pieces.

Inventory:

Hand Weapons
 a - a +1 falchion (weapon)
Armour
 b - a +0 leather armour (worn)
Jewellery
 g - a +6 ring of dexterity (left claw)
Scrolls
 c - 4 scrolls of identify {unknown}
 d - a scroll of magic mapping {unknown}
 f - a scroll of fear {unknown}
 h - a scroll of noise {unknown}
 k - a scroll of brand weapon {unknown}
 l - a scroll of vulnerability {unknown}
 m - 3 scrolls of amnesia {unknown}
Potions
 i - a potion of resistance


   Skills:
 - Level 3.0 Fighting
 + Level 4.8 Long Blades
 - Level 1.7 Armour
 - Level 0.8 Dodging
 - Level 2.4 Invocations


You had 4 spell levels left.
You didn't know any spells.
Your spell library was empty.

Dungeon Overview and Level Annotations

Branches:
Dungeon (3/15)

Altars:
Kikubaaqudgha
Makhleb
Ru
Sif Muna
The Shining One


Innate Abilities, Weirdness & Mutations

You have sharp fingernails.
You have an unusually large brain. (Int +2)
Your muscles are strong. (Str +2)


Message History

You are too injured to fight recklessly!
You are too injured to fight recklessly!
You are too injured to fight recklessly!
You are too injured to fight recklessly!
You are too injured to fight recklessly!
You are too injured to fight recklessly!
You are too injured to fight recklessly!
You are too injured to fight recklessly!
You are too injured to fight recklessly!
You are too injured to fight recklessly!
You are too injured to fight recklessly!
You are too injured to fight recklessly!
You are too injured to fight recklessly!
You are too injured to fight recklessly!
You are too injured to fight recklessly!
You are too injured to fight recklessly!
You are too injured to fight recklessly!
You are too injured to fight recklessly!
You see here 12 gold pieces.
You barely miss the rat. The rat bites you.
You hit the rat.
The rat is severely wounded.
The rat bites you.
You hit the rat.
You kill the rat!
Lugonu accepts your kill.
You hit the iguana but do no damage.
The iguana is moderately wounded.
The iguana bites you!
You barely miss the iguana.
The iguana is moderately wounded.
The iguana bites you but does no damage.
You hit the iguana.
The iguana is heavily wounded.
The iguana bites you!
* * * LOW HITPOINT WARNING * * *
You closely miss the iguana.
The iguana is heavily wounded.
The iguana bites you.
You die...

.# ## #...# .. #...#
# #. #...# ## #.##.#
#...##.#
..<..########...#.#
#####..#@..........#
.......l#.........##
.#..#..#...........#
#..#.#.####...#.#
......#.# #...#
#.#.##.#.####...###
#... ....##.......#
.... ######.......#
. ... #.......#


You could see an iguana.

Vanquished Creatures
  A sky beast (D:3)
  An adder (D:2)
  A dart slug (D:1)
  7 ball pythons
  3 endoplasms
  4 goblins (D:2)
  4 hobgoblins
  2 jackals (D:1)
  2 quokkas (D:1)
  4 bats
  2 frilled lizards
  A giant cockroach zombie (D:2)
  2 kobolds (D:2)
  6 rats
40 creatures vanquished.

Notes
Turn   | Place    | Note
-------+----------+-------------------------------------------
     0 | Abyss:1  | polve the Demonspawn Abyssal Knight began the quest for the
                  | Orb.
     0 | Abyss:1  | Reached XP level 1. HP: 18/18 MP: 2/2
    36 | Abyss:2  | Noticed a stone giant skeleton
    64 | Abyss:2  | Noticed a tentacled starspawn
    65 | Abyss:2  | Noticed a flying skull
    65 | Abyss:2  | Noticed a flying skull
    65 | Abyss:2  | Noticed a flying skull
    67 | D:1      | Escaped the Abyss
   140 | D:1      | Reached skill level 2 in Long Blades
   229 | D:1      | Reached * piety under Lugonu
   599 | D:1      | Gained mutation: You have an unusually large brain. (Int
                  | +2) [demonic ancestry]
   599 | D:1      | Reached XP level 2. HP: 24/24 MP: 3/3
  1070 | D:1      | Reached skill level 3 in Long Blades
  1398 | D:2      | Reached XP level 3. HP: 27/29 MP: 4/4
  1897 | D:2      | Found an ancient bone altar of Kikubaaqudgha.
  1995 | D:2      | Found a shimmering blue altar of Sif Muna.
  2006 | D:2      | Found a burning altar of Makhleb.
  2009 | D:2      | Found a sacrificial altar of Ru.
  2158 | D:3      | Noticed a sky beast
  2302 | D:3      | Gained mutation: You have large cloven feet. [potion of
                  | mutation]
  2302 | D:3      | Lost mutation: You have large cloven feet. [potion of
                  | mutation]
  2302 | D:3      | Gained mutation: Your muscles are strong. (Str +2) [potion
                  | of mutation]
  2321 | D:3      | Killed a sky beast
  2322 | D:3      | Reached skill level 4 in Long Blades
  2322 | D:3      | Gained mutation: You have sharp fingernails. [demonic
                  | ancestry]
  2322 | D:3      | Reached XP level 4. HP: 35/35 MP: 5/5
  2322 | D:3      | Reached XP level 5. HP: 41/41 MP: 6/6
  2394 | D:3      | Slain by an iguana

Illustrated notes

Levels and vault maps discovered:
D:1:      amcnicky_arrival_blooded_trapdoor, layout_loops_ring
D:2:      layout_basic, minmay_overflow_temple_star_hex, serial_undead,
          serial_undead_d, serial_undead_c, serial_undead_c, serial_undead_d
D:3:      layout_loops_cross, uniq_terence, uniq_jessica

Skill      XL: |  1  2  3 |
---------------+----------+-----
Long Blades    | 2 3 4 |  4.8
Fighting       | |  3.0
Armour         | |  1.7
Dodging        | |  0.8
Invocations    | |  2.4

Action                   |  1- 3 |  4- 6 || total
-------------------------+-------+-------++-------
Melee: Falchion          |   105 |    12 ||   117
Invok: Depart the Abyss  |     1 |       ||     1
  Use: Potion            |     4 |       ||     4
 Stab: Sleeping          |     6 |       ||     6
Armor: Leather armour    |    35 |     3 ||    38
Dodge: Dodged            |    62 |     3 ||    65
       Rpst.: Falchion   |    22 |       ||    22

Table legend: (Time is in decaauts)
 A = Elapsed time spent in this place.
 B = Non-inter-level travel time spent in this place.
 C = Inter-level travel time spent in this place.
 D = Time resting spent in this place.
 E = Time spent auto-exploring this place.
 F = Levels seen in this place.
 G = Mean time per level.
                   A        B        C        D        E       F      G
               +--------+--------+--------+--------+--------+-----+--------+
         Total |   2411 |   2319 |     92 |      0 |   1861 |   5 |  482.2 |
       Dungeon |   2343 |   2251 |     92 |      0 |   1841 |   3 |  781.0 |
         Abyss |     68 |     68 |      0 |      0 |     20 |   2 |   34.0 |
               +--------+--------+--------+--------+--------+-----+--------+

Top non-repeatable levels by time:
     D:1: 1157 daAuts
     D:2: 1075 daAuts
     D:3: 110 daAuts
 Abyss:2: 59 daAuts
 Abyss:1: 9 daAuts
